AoeStats
← GORGORY

Arabia

508116931Analyzed
2v2 RM · 11d ago on Sep 21, 2026· 48m 14s· 4 players
Game mode
Random Map
Map size
Medium (4 player)
Population
200
Speed
Normal
Resources
Standard
Victory
Conquest
Starting age
Dark Age
Ending age
Imperial Age
RankedLock teamsTeams togetherTeam positionsShared explorationLock speedFull tech treeHidden civsTurbo modeCheats
Victory
Defeat
🇦🇷 Magyars · Argentina
918
+14
🇺🇸 Georgians · United States
850
+17
🇦🇷 Teutons · Argentina
878
-16
🇦🇷 Persians · Argentina
868
-15
Andy Johnson Arg
6:11 Loom
9:39 Feudal Age
10:24 Double-Bit Axe
16:04 Horse Collar
21:44 Castle Age
21:45 Bloodlines
21:49 Forging
21:45 Scale Barding Armor
22:00 Gold Mining
22:43 Husbandry
25:17 Bow Saw
29:40 Wheelbarrow
30:11 Town Watch
30:42 Hand Cart
33:48 Town Patrol
34:41 Gold Shaft Mining
33:56 Stone Mining
36:56 Imperial Age
37:57 Ballistics
38:38 Chemistry
38:14 Heavy Camel Rider
38:18 Light Cavalry
40:54 Iron Casting
40:40 Chain Barding Armor
40:26 Elite Skirmisher
41:40 Thumb Ring
41:30 Fletching
41:41 Padded Archer Armor
42:42 Blast Furnace
44:03 Bodkin Arrow
44:23 Leather Archer Armor
44:44 Plate Barding Armor
45:26 Conscription
Slippin'Jimmy
4:26 Loom
10:01 Feudal Age
10:41 Double-Bit Axe
10:57 Man-at-Arms
15:57 Scale Mail Armor
16:59 Town Watch
23:13 Castle Age
22:34 Forging
22:34 Horse Collar
24:08 Wheelbarrow
23:28 Gold Mining
23:31 Stone Mining
25:19 Town Patrol
25:57 Bow Saw
27:57 Stone Shaft Mining
27:11 Long Swordsman
28:07 Bloodlines
31:01 Gambesons
31:18 Squires
31:28 Heavy Plow
32:17 Hand Cart
32:27 Scale Barding Armor
35:50 Chain Mail Armor
35:57 Chain Barding Armor
38:07 Pikeman
39:29 Iron Casting
43:23 Imperial Age
44:29 Conscription
45:24 Two-Handed Swordsman
45:33 Halberdier
46:56 Plate Barding Armor
47:34 Crop Rotation
49:19 Two-Man Saw
Zanarkand
2:43 Loom
10:54 Feudal Age
16:10 Castle Age
22:37 Double-Bit Axe
23:03 Town Watch
24:36 Stone Mining
24:29 Horse Collar
26:18 Scale Barding Armor
26:54 Wheelbarrow
26:26 Gold Mining
27:42 Bow Saw
29:20 Chain Barding Armor
29:26 Fletching
30:15 Forging
30:54 Bloodlines
30:45 Husbandry
32:02 Ballistics
33:30 Iron Casting
33:29 Hand Cart
33:20 Heavy Plow
33:15 Elite Skirmisher
34:07 Padded Archer Armor
35:45 Leather Archer Armor
35:55 Scale Mail Armor
36:00 Pikeman
36:41 Squires
38:07 Stone Shaft Mining
37:54 Chain Mail Armor
41:26 Imperial Age
40:04 Town Patrol
40:05 Bodkin Arrow
40:41 Arson
41:31 Halberdier
42:45 Plate Mail Armor
43:16 Blast Furnace
42:52 Plate Barding Armor
42:18 Bracer
42:49 Aznauri Cavalry
43:22 Elite Monaspa
47:08 Siege Engineers
48:04 Chemistry
46:29 Light Cavalry
GORGORY
6:03 Loom
9:05 Feudal Age
9:26 Horse Collar
9:32 Double-Bit Axe
14:38 Wheelbarrow
21:05 Castle Age
21:01 Scale Barding Armor
20:59 Stone Mining
23:34 Fervor
25:21 Heavy Plow
26:48 Sanctity
27:39 Town Watch
29:57 Gold Mining
31:05 Bow Saw
31:42 Bloodlines
32:08 Husbandry
32:03 Light Cavalry
33:51 Chain Barding Armor
35:00 Hand Cart
35:54 Town Patrol
39:43 Imperial Age
37:37 Ballistics
37:13 Murder Holes
40:03 Gold Shaft Mining
39:47 Cavalier
41:05 Plate Barding Armor
40:53 Conscription
46:15 Paladin
Connection lost

Rejoining the realm…

Still unreachable

The connection could not be restored.

Session expired

The server has moved on; the page needs a fresh start.